 Dungeon Crawl Stone Soup version 0.20.0-10-g0535bb4 (webtiles) character file.

1845 tilp the Firebug (level 8, -2/61 HPs)
             Began as a Yellow Draconian Fire Elementalist on June 4, 2017.
             Slain by a killer bee (10 damage)
             ... on level 6 of the Dungeon.
             The game lasted 00:19:22 (5873 turns).

tilp the Firebug (DrFE)                             Turns: 5873, Time: 00:19:23

Health: -2/61      AC: 12    Str: 10    XL:     8   Next: 88%
Magic:  5/16       EV: 12    Int: 20    God:
Gold:   185        SH:  0    Dex: 12    Spells: 0/18 levels left

rFire    . . .     SeeInvis .   g - +2 short sword (freeze)
rCold    . . .     Gourm    .   (no shield)
rNeg     . . .     Faith    .   (armour unavailable)
rPois    .         Spirit   .   (helmet restricted)
rElec    .         Reflect  .   o - +2 cloak
rCorr    +         Harm     .   w - +2 pair of gloves
MR       .....                  (no boots)
Stlth    ++........             i - amulet of magic regeneration
Regen    0.2/turn               h - +2 ring of intelligence
MPRegen  0.3/turn               p - ring of wizardry

@: about to teleport
A: spit acid, acid resistance, unfitting armour, cold-blooded, AC +6
a: Breathe Acid


You were on level 6 of the Dungeon.
You were not hungry.

You visited 2 branches of the dungeon, and saw 7 of its levels.

You collected 185 gold pieces.

Inventory:

Hand Weapons
 c - a +0 hand axe
 g - a +2 short sword of freezing (weapon)
 k - a +1 dagger of protection
Missiles
 r - 3 tomahawks
 C - 2 javelins of returning (quivered)
Armour
 o - a +2 cloak (worn)
 w - a +2 pair of gloves (worn)
Jewellery
 h - a +2 ring of intelligence (left hand)
 i - an amulet of magic regeneration (around neck)
 j - an uncursed amulet of the gourmand
 p - a ring of wizardry (right hand)
 z - an uncursed ring of flight
Wands
 d - a wand of confusion (21/48)
Scrolls
 f - 4 scrolls of remove curse
 l - 3 scrolls of magic mapping
 u - a scroll of teleportation
 x - a scroll of enchant weapon {unknown}
 y - 2 scrolls of amnesia
 B - a scroll of noise {unknown}
Potions
 e - a potion of berserk rage {unknown}
 n - a potion of haste {unknown}
 q - a potion of curing
 t - a potion of cancellation {unknown}
 v - 3 potions of heal wounds {unknown}
 A - a potion of magic {unknown}
Books
 a - a book of Flames

   Spells                             Type                      Level
   a - Flame Tongue                   Conjuration/Fire             1
   b - Throw Flame                    Conjuration/Fire             2
   c - Conjure Flame                  Conjuration/Fire             3
   d - Inner Flame                    Hexes/Fire                   3
   e - Sticky Flame                   Conjuration/Fire             4
   f - Fireball                       Conjuration/Fire             5
Comestibles
 b - 5 bread rations
 m - 3 meat rations
 s - 7 fruits


   Skills:
 * Level 2.2 Fighting
 + Level 6.5 Short Blades
 - Level 0.2 Axes
 - Level 1.7 Dodging
 - Level 1.7 Stealth
 - Level 5.9 Spellcasting
 - Level 1.0 Conjurations
 - Level 0.5 Hexes
 + Level 6.6 Fire Magic
 * Level 2.4 Evocations


You couldn't memorise any spells.
You knew the following spells:

 Your Spells              Type           Power        Failure   Level  Hunger
a - Flame Tongue          Conj/Fire      ###..        1%          1    None
b - Throw Flame           Conj/Fire      ###...       1%          2    None
c - Conjure Flame         Conj/Fire      ###.....     2%          3    ##.....
d - Inner Flame           Hex/Fire       ###.....     3%          3    ##.....
e - Sticky Flame          Conj/Fire      ###.....     9%          4    ####...
f - Fireball              Conj/Fire      ###.......   24%         5    #####..


Dungeon Overview and Level Annotations

Branches:
Dungeon (6/15)             Temple (1/1) D:4

Altars:
Ashenzari
Cheibriados
Dithmenos
Elyvilon
Fedhas
Gozag
Hepliaklqana
Kikubaaqudgha
Nemelex Xobeh
Qazlal
Ru
Sif Muna
Trog
Uskayaw
Vehumet
Xom
Yredelemnul
Zin
The Shining One


Innate Abilities, Weirdness & Mutations

You can spit globs of acid.
You are resistant to acid.
Your golden yellow scales are hard. (AC +6)
You cannot fit into any form of body armour.
You are cold-blooded and may be slowed by cold attacks.


Message History

You feel sick. The killer bee completely misses you. The killer bee stings you.
* * * LOW HITPOINT WARNING * * *
You are lethally poisoned!
The killer bee poisons you!
You feel better. The killer bee closely misses you.
The killer bee barely misses you. The killer bee stings you.
* * * LOW HITPOINT WARNING * * *
The killer bee stings you but does no damage.
As you read the scroll of teleportation, it crumbles to dust.
You feel strangely unstable.
The killer bee stings you but does no damage.
The killer bee stings you.
* * * LOW HITPOINT WARNING * * *
The killer bee closely misses you. The killer bee barely misses you.
The killer bee stings you but does no damage.
The killer bee barely misses you. The killer bee stings you.
* * * LOW HITPOINT WARNING * * *
The killer bee stings you!
You die...

####.##### #..#######.####.###
#........# #..........#.......
##.##.###.# ##'#########.##.##.
#.........# ##...## #.##.##.
#..##.##..# ##.....## #.##.##.
#..##..#..###.......## ##.#..##.
#.........##...o.....####........
...........†....yy...'.......####
#........###....@....####....#
######.#.# ##.......## ##.#.#
###.# ##.....## ######.# #.#
##...## #......# #.# #####'####
#.####.## #.# #........#
#.###...# #.# #.###.##.#
#.#.....# #.###.###.##.#
#.#.#...# #...#.##...#.#
#......##


You could see 2 killer bees and an orc.

Vanquished Creatures
  A water moccasin (D:6)
  2 ice beasts (D:5)
  A phantom (D:5)
  2 sky beasts
  2 ogres (D:5)
  2 bullfrogs (D:6)
  A scorpion (D:5)
  3 killer bees (D:6)
  2 howler monkeys (D:5)
  A crimson imp (D:5)
  A hound (D:4)
  2 bullfrog zombies
  A centaur skeleton (D:4)
  2 orc priests (D:5)
  2 bullfrog skeletons
  A gnoll shaman (D:3)
  2 iguanas
  3 worker ants (D:5)
  9 gnolls
  11 adders
  5 oozes
  6 worms
  A dart slug (D:3)
  2 leopard geckos (D:2)
  7 orcs
  A ball python (D:4)
  2 bats
  2 giant cockroaches
  A goblin (D:2)
  7 hobgoblins
  12 jackals
  4 kobolds
  A quokka (D:2)
  3 frilled lizards
  A jackal skeleton (D:5)
  10 rats
  2 butterflies (D:4)
118 creatures vanquished.

Notes
Turn   | Place    | Note
-------+----------+-------------------------------------------
     0 | D:1      | tilp the Draconian Fire Elementalist began the quest for the Orb.
     0 | D:1      | Reached XP level 1. HP: 14/14 MP: 3/3
   248 | D:1      | Reached XP level 2. HP: 8/20 MP: 5/5
   852 | D:2      | Reached XP level 3. HP: 18/26 MP: 3/6
  1125 | D:2      | Learned a level 2 spell: Throw Flame
  1129 | D:2      | Learned a level 3 spell: Conjure Flame
  1276 | D:2      | Reached XP level 4. HP: 33/33 MP: 8/8
  1358 | D:2      | Found a basalt altar of Yredelemnul.
  1364 | D:2      | Found a glowing golden altar of the Shining One.
  1813 | D:2      | Found a stormy altar of Qazlal.
  1909 | D:3      | Reached skill level 1 in Short Blades
  1959 | D:3      | Learned a level 3 spell: Inner Flame
  2030 | D:3      | Reached XP level 5. HP: 17/38 MP: 3/9
  2700 | D:3      | Found a hazy altar of Hepliaklqana.
  2796 | D:3      | Reached skill level 5 in Fire Magic
  2998 | D:4      | Found a sacrificial altar of Ru.
  3034 | D:4      | Reached XP level 6. HP: 45/45 MP: 11/11
  3335 | D:4      | Found a staircase to the Ecumenical Temple.
  3353 | Temple   | Entered the Ecumenical Temple
  3925 | D:5      | Entered Level 5 of the Dungeon
  3927 | D:5      | Noticed an ice beast
  3939 | D:5      | Killed an ice beast
  4024 | D:5      | Learned a level 4 spell: Sticky Flame
  4079 | D:5      | Found a hazy altar of Hepliaklqana.
  4098 | D:5      | Your scales start taking on a golden yellow colour.
  4098 | D:5      | Reached XP level 7. HP: 48/50 MP: 13/13
  4387 | D:5      | Reached skill level 5 in Spellcasting
  4405 | D:5      | Reached skill level 5 in Short Blades
  4687 | D:5      | Reached XP level 8. HP: 34/57 MP: 6/16
  5038 | D:5      | Learned a level 5 spell: Fireball
  5420 | D:6      | Reached skill level 1 in Fighting
  5420 | D:6      | Reached skill level 1 in Evocations
  5873 | D:6      | Slain by a killer bee

Skill      XL: |  1  2  3  4  5  6  7  8 |
---------------+-------------------------+-----
Fire Magic     | 4 5 6 |  6.6
Short Blades   | 1 2 4 5 6 |  6.5
Spellcasting   | 3 4 5 |  5.9
Fighting       | 2 |  2.2
Evocations     | 2 |  2.4
Axes           | |  0.2
Dodging        | |  1.7
Stealth        | |  1.7
Conjurations   | |  1.0
Hexes          | |  0.5

Action                   |  1- 3 |  4- 6 |  7- 9 || total
-------------------------+-------+-------+-------++-------
Melee: Hand axe          |     9 |       |       ||     9
       Short sword       |    60 |   160 |   157 ||   377
       Tailslap          |     7 |    22 |    12 ||    41
 Cast: Flame Tongue      |    17 |    14 |    30 ||    61
       Throw Flame       |       |    17 |    28 ||    45
       Inner Flame       |       |       |     4 ||     4
       Conjure Flame     |       |       |     2 ||     2
       Sticky Flame      |       |       |     4 ||     4
  Use: Scroll            |       |     9 |     1 ||    10
       Potion            |       |       |     1 ||     1
 Stab: Sleeping          |     1 |     8 |     1 ||    10
  Eat: Chunk             |     1 |     4 |     2 ||     7
       Royal jelly       |       |     1 |       ||     1
       Meat ration       |       |     1 |     1 ||     2
Armor: Skin              |    30 |    56 |    85 ||   171
Dodge: Dodged            |    43 |    88 |   119 ||   250
